TOP OF THE 1ST |
Greeneville Astros batting - Pitching for Cleveland (APP) Indians : LHP Enrique Espinoza
|
Pitching: LHP Enrique Espinoza
|
|
Batting: RHB Jarno van Lente
|
0-0: Swinging Strike 0-1: Ball 1-1: Swinging Strike 1-2: Foul Ball, location: 2F 1-2: Foul Ball, location: 2F 1-2: Ball 2-2: Foul Ball, location: 2F 2-2: Ball 3-2: Strikes out looking
|
Batting: RHB Roger Pelley
|
0-0: Called Strike 0-1: Swinging Strike 0-2: Strikes out swinging
|
Batting: RHB Hugo Priego
|
0-0: SINGLE (Line Drive, 7LM, EV 109.4 MPH)
|
Batting: RHB Areda Obote
|
0-0: Called Strike 0-1: Ball 1-1: Ball 2-1: Ball 3-1: Swinging Strike 3-2: Base on Balls Hugo Priego to second
|
Batting: RHB John Moore
|
0-0: Called Strike 0-1: Ball 1-1: Foul Ball, location: 2F 1-2: Foul Ball, location: 2F 1-2: Strikes out looking
|
Top of the 1st over - 0 runs, 1 hit, 0 errors, 2 left on base; Greeneville 0 - Cleveland (APP) 0 |
BOTTOM OF THE 1ST |
Cleveland (APP) Indians batting - Pitching for Greeneville Astros : RHP Tony Barrios
|
Pitching: RHP Tony Barrios
|
|
Batting: RHB Patrick Pinault
|
0-0: Ball 1-0: Bunt missed! 1-1: Ball 2-1: Called Strike 2-2: DOUBLE (Line Drive, 78D, EV 105.6 MPH)
|
Batting: SHB Jay Rook
|
0-0: Ball 1-0: Swinging Strike 1-1: Ball 2-1: Foul Ball, location: 2F 2-2: Ball 3-2: Base on Balls
|
Batting: LHB Justin Eargle
|
0-0: Ball 1-0: Ball 2-0: Foul Ball, location: 2F 2-1: Fielders Choice at 2nd, 6-4 (Groundball, 6D, EV 99.4 MPH) Patrick Pinault to third
|
Batting: LHB Mesfin Azagba
|
0-0: Ball 1-0: Ball 2-0: Called Strike 2-1: Swinging Strike 2-2: Strikes out swinging
|
Batting: RHB Quan Tai
|
0-0: Foul Ball, location: 2F 0-1: Swinging Strike 0-2: SINGLE (Groundball, 6MS, EV 64.4 MPH) (infield hit) Patrick Pinault scores Justin Eargle to second
|
Batting: LHB Sergei Stefanov
|
0-0: Ball 1-0: Ground out 4-3 (Groundball, 4, EV 108.1 MPH)
|
Bottom of the 1st over - 1 run, 2 hits, 0 errors, 2 left on base; Greeneville 0 - Cleveland (APP) 1 |
TOP OF THE 2ND |
Greeneville Astros batting - Pitching for Cleveland (APP) Indians : LHP Enrique Espinoza
|
Batting: LHB Guadalupe Gonzalez
|
0-0: Called Strike 0-1: Foul Ball, location: 2F 0-2: Strikes out swinging
|
Batting: RHB Domingas Saragoa
|
0-0: Ball 1-0: Swinging Strike 1-1: Swinging Strike 1-2: Strikes out swinging
|
Batting: LHB Ryan Fridley
|
0-0: Called Strike 0-1: Swinging Strike 0-2: Strikes out swinging
|
Top of the 2nd over - 0 runs, 0 hits, 0 errors, 0 left on base; Greeneville 0 - Cleveland (APP) 1 |
BOTTOM OF THE 2ND |
Cleveland (APP) Indians batting - Pitching for Greeneville Astros : RHP Tony Barrios
|
Batting: RHB Tony Gonzales
|
0-0: Hit by Pitch
|
Batting: RHB Xavier Bartolani
|
0-0: Called Strike 0-1: Foul Ball, location: 2F 0-2: Ball 1-2: Foul Ball, location: 2F 1-2: Foul Ball, location: 2F 1-2: 2-RUN HOME RUN (Flyball, 78XD, EV 103.8 MPH), Distance : 420 ft
|
Batting: LHB Mario Garza
|
0-0: Ball 1-0: DOUBLE (Line Drive, 7LS, EV 96.2 MPH)
|
Batting: RHB Patrick Pinault
|
0-0: Ball 1-0: Ball 2-0: Ball 3-0: Called Strike 3-1: Foul Ball, location: 2F 3-2: Foul Ball, location: 2F 3-2: Base on Balls
|
Batting: SHB Jay Rook
|
0-0: Ball 1-0: Fielders Choice at 2nd, 3-6 (Groundball, 3, EV 79.4 MPH) Mario Garza to third
|
Batting: LHB Justin Eargle
|
0-0: Swinging Strike 0-1: Called Strike 0-2: Strikes out swinging
|
Batting: LHB Mesfin Azagba
|
0-0: Fly out, F4 (Line Drive, 34, EV 69.4 MPH)
|
Bottom of the 2nd over - 2 runs, 2 hits, 0 errors, 2 left on base; Greeneville 0 - Cleveland (APP) 3 |
TOP OF THE 3RD |
Greeneville Astros batting - Pitching for Cleveland (APP) Indians : LHP Enrique Espinoza
|
Batting: LHB Gong Tow
|
0-0: Ball 1-0: Ball 2-0: Swinging Strike 2-1: Ball 3-1: Base on Balls
|
Batting: RHB Jarno van Lente
|
0-0: Ball Gong Tow steals 2nd base 1-0: Foul Ball, location: 2F 1-1: Ball 2-1: Ball 3-1: Swinging Strike 3-2: 2-RUN HOME RUN (Flyball, 7D, EV 96.2 MPH), Distance : 361 ft
|
Batting: RHB Roger Pelley
|
0-0: Ball 1-0: Ball 2-0: Ball 3-0: Called Strike 3-1: Base on Balls
|
Batting: RHB Hugo Priego
|
0-0: Ball 1-0: Ball 2-0: Ball 3-0: Base on Balls Roger Pelley to second
|
Batting: RHB Areda Obote
|
0-0: Ball 1-0: Ball 2-0: SINGLE (Line Drive, 9LS, EV 94.4 MPH) Roger Pelley to third Hugo Priego to second
|
Batting: RHB John Moore
|
0-0: Called Strike 0-1: Ball 1-1: Called Strike 1-2: Ball 2-2: Strikes out looking
|
Batting: LHB Guadalupe Gonzalez
|
0-0: Fielders Choice at 2nd, 3-6 (Groundball, 34, EV 106.2 MPH) Roger Pelley scores Hugo Priego to third
|
Batting: RHB Domingas Saragoa
|
0-0: Ball 1-0: Ball 2-0: Ball 3-0: Called Strike 3-1: Foul Ball, location: 2F 3-2: SINGLE (Line Drive, 34D, EV 94.4 MPH) Hugo Priego scores Guadalupe Gonzalez to second Guadalupe Gonzalez to third
|
Batting: LHB Ryan Fridley
|
0-0: Foul Ball, location: 2F 0-1: Foul Ball, location: 2F 0-2: Ground out U3 (Groundball, 34S, EV 89.4 MPH)
|
Top of the 3rd over - 4 runs, 3 hits, 0 errors, 2 left on base; Greeneville 4 - Cleveland (APP) 3 |
BOTTOM OF THE 3RD |
Cleveland (APP) Indians batting - Pitching for Greeneville Astros : RHP Tony Barrios
|
Batting: RHB Quan Tai
|
0-0: Ball 1-0: Fly out, F9 (Flyball, 89M, EV 90.0 MPH)
|
Batting: LHB Sergei Stefanov
|
0-0: Ball 1-0: Called Strike 1-1: Ball 2-1: DOUBLE (Groundball, 5L, EV 100.6 MPH)
|
Batting: RHB Tony Gonzales
|
0-0: Ball 1-0: Fly out, F9 (Flyball, 9, EV 81.2 MPH)
|
Batting: RHB Xavier Bartolani
|
0-0: Called Strike 0-1: SINGLE (Line Drive, 6D, EV 96.2 MPH) Sergei Stefanov to third Runner from 3rd tries for Home, throw by LF and OUT! 7-2
|
Bottom of the 3rd over - 0 runs, 2 hits, 0 errors, 1 left on base; Greeneville 4 - Cleveland (APP) 3 |
TOP OF THE 4TH |
Greeneville Astros batting - Pitching for Cleveland (APP) Indians : LHP Enrique Espinoza
|
Batting: LHB Gong Tow
|
0-0: Foul Ball, location: 2F 0-1: Called Strike 0-2: Strikes out swinging
|
Batting: RHB Jarno van Lente
|
0-0: Ball 1-0: SOLO HOME RUN (Flyball, 7D, EV 91.9 MPH), Distance : 368 ft
|
Pitching: LHP Oscar Moreno
|
|
Batting: RHB Roger Pelley
|
0-0: Ball 1-0: Foul Ball, location: 2F 1-1: Called Strike 1-2: Strikes out swinging
|
Batting: RHB Hugo Priego
|
0-0: Ball 1-0: Ball 2-0: Ball 3-0: Called Strike 3-1: Called Strike 3-2: Foul Ball, location: 2F 3-2: Ground out 5-3 (Groundball, 5S, EV 70.0 MPH)
|
Top of the 4th over - 1 run, 1 hit, 0 errors, 0 left on base; Greeneville 5 - Cleveland (APP) 3 |
BOTTOM OF THE 4TH |
Cleveland (APP) Indians batting - Pitching for Greeneville Astros : RHP Tony Barrios
|
Batting: LHB Mario Garza
|
0-0: Called Strike 0-1: Ball 1-1: Foul Ball, location: 2F 1-2: DOUBLE (Line Drive, 3D, EV 98.1 MPH)
|
Batting: RHB Patrick Pinault
|
0-0: Foul Ball, location: 2F 0-1: Ground out 3-1 (Groundball, 34, EV 80.0 MPH) Mario Garza to third
|
Batting: SHB Jay Rook
|
0-0: Ball 1-0: Ball 2-0: Ball 3-0: Base on Balls
|
Batting: LHB Justin Eargle
|
0-0: Foul Ball, location: 2F 0-1: Ball 1-1: SINGLE (Groundball, 34D, EV 102.5 MPH) Mario Garza scores Jay Rook to second Runner from 2nd tries for 3rd, SAFE, throw by RF made at trailing runner, OUT! 9-6
|
Batting: LHB Mesfin Azagba
|
0-0: Ball Wild Pitch! Jay Rook scores 1-0: Foul Ball, location: 2F 1-1: Ball 2-1: Ball 3-1: Base on Balls
|
Pitching: RHP Steve Kelly
|
|
Batting: RHB Quan Tai
|
0-0: Ball 1-0: Ball 2-0: Called Strike 2-1: Fly out, F8 (Flyball, 8RD, EV 103.8 MPH)
|
Bottom of the 4th over - 2 runs, 2 hits, 0 errors, 1 left on base; Greeneville 5 - Cleveland (APP) 5 |
TOP OF THE 5TH |
Greeneville Astros batting - Pitching for Cleveland (APP) Indians : LHP Oscar Moreno
|
Batting: RHB Areda Obote
|
0-0: Ball 1-0: Foul Ball, location: 2F 1-1: Ball 2-1: Ball 3-1: Base on Balls
|
Batting: RHB John Moore
|
0-0: Called Strike 0-1: Swinging Strike 0-2: Foul Ball, location: 2F 0-2: Foul Ball, location: 2F 0-2: Foul Ball, location: 2F 0-2: Ball 1-2: Foul Ball, location: 2F 1-2: Strikes out swinging
|
Batting: LHB Guadalupe Gonzalez
|
0-0: Called Strike 0-1: Foul Ball, location: 2F 0-2: Strikes out swinging
|
Batting: RHB Domingas Saragoa
|
0-0: Called Strike 0-1: Foul Ball, location: 2F 0-2: Ball 1-2: Foul Ball, location: 2F 1-2: Ball 2-2: Foul Ball, location: 2F 2-2: Strikes out looking
|
Top of the 5th over - 0 runs, 0 hits, 0 errors, 1 left on base; Greeneville 5 - Cleveland (APP) 5 |
BOTTOM OF THE 5TH |
Cleveland (APP) Indians batting - Pitching for Greeneville Astros : RHP Steve Kelly
|
Batting: LHB Sergei Stefanov
|
0-0: Ball 1-0: Swinging Strike 1-1: Swinging Strike 1-2: Foul Ball, location: 2F 1-2: Strikes out swinging
|
Batting: RHB Tony Gonzales
|
0-0: Ball 1-0: Ball 2-0: Ball 3-0: Base on Balls
|
Pinch Hitting: RHB Andy Lewis
|
0-0: Ball Tony Gonzales steals 2nd, throwing error, E2 Tony Gonzales to third 1-0: 2-RUN HOME RUN (Flyball, 9LD, EV 98.1 MPH), Distance : 353 ft
|
Batting: LHB Mario Garza
|
0-0: Ball 1-0: Ground out 1-3 (Groundball, 25, EV 70.6 MPH)
|
Batting: RHB Patrick Pinault
|
0-0: Ball 1-0: Ball 2-0: Ball 3-0: Called Strike 3-1: SINGLE (Groundball, 34S, EV 64.4 MPH) (infield hit)
|
Batting: SHB Jay Rook
|
0-0: Ball 1-0: Ball Patrick Pinault steals 2nd base (no throw) 2-0: Ball 3-0: Called Strike 3-1: Base on Balls
|
Batting: LHB Justin Eargle
|
0-0: Called Strike 0-1: Called Strike 0-2: Ball 1-2: Ground out U3 (Groundball, 3, EV 83.1 MPH)
|
Bottom of the 5th over - 2 runs, 2 hits, 1 error, 2 left on base; Greeneville 5 - Cleveland (APP) 7 |
TOP OF THE 6TH |
Greeneville Astros batting - Pitching for Cleveland (APP) Indians : LHP Oscar Moreno
|
Now in CF: Andy Lewis
|
|
Batting: LHB Ryan Fridley
|
0-0: Ball 1-0: Ball 2-0: Foul Ball, location: 2F 2-1: Swinging Strike 2-2: Foul Ball, location: 2F 2-2: Foul Ball, location: 2F 2-2: Ball 3-2: Strikes out swinging
|
Batting: LHB Gong Tow
|
0-0: Foul Ball, location: 2F 0-1: Swinging Strike 0-2: Ball 1-2: Strikes out swinging
|
Batting: RHB Jarno van Lente
|
0-0: Swinging Strike 0-1: Foul Ball, location: 2F 0-2: Strikes out swinging
|
Top of the 6th over - 0 runs, 0 hits, 0 errors, 0 left on base; Greeneville 5 - Cleveland (APP) 7 |
BOTTOM OF THE 6TH |
Cleveland (APP) Indians batting - Pitching for Greeneville Astros : RHP Steve Kelly
|
Batting: LHB Mesfin Azagba
|
0-0: Fly out, F8 (Flyball, 78D, EV 96.9 MPH)
|
Batting: RHB Quan Tai
|
0-0: Called Strike 0-1: Called Strike 0-2: Hit by Pitch
|
Pitching: RHP Ernie Bell
|
|
Batting: LHB Sergei Stefanov
|
0-0: Ball Quan Tai steals 2nd base 1-0: Ground out 4-3 (Groundball, 4, EV 81.9 MPH) Quan Tai to third
|
Batting: RHB Tony Gonzales
|
0-0: Ball 1-0: Ball 2-0: Called Strike 2-1: Foul Ball, location: 2F 2-2: Foul Ball, location: 2F 2-2: Strikes out swinging
|
Bottom of the 6th over - 0 runs, 0 hits, 0 errors, 1 left on base; Greeneville 5 - Cleveland (APP) 7 |
TOP OF THE 7TH |
Greeneville Astros batting - Pitching for Cleveland (APP) Indians : LHP Oscar Moreno
|
Now at 1B: Sergei Stefanov
|
|
Now at 3B: Luke Burnham
|
|
Now in CF: Russ Kennett
|
|
Now in RF: Andy Lewis
|
|
Batting: RHB Roger Pelley
|
0-0: Ball 1-0: Ground out U3 (Groundball, 3L, EV 86.9 MPH)
|
Batting: RHB Hugo Priego
|
0-0: Ball 1-0: Swinging Strike 1-1: Ball 2-1: Called Strike 2-2: Foul Ball, location: 2F 2-2: Ball 3-2: Foul Ball, location: 2F 3-2: Foul Ball, location: 2F 3-2: Foul Ball, location: 2F 3-2: Strikes out swinging
|
Batting: RHB Areda Obote
|
0-0: Swinging Strike 0-1: Swinging Strike 0-2: Strikes out swinging
|
Top of the 7th over - 0 runs, 0 hits, 0 errors, 0 left on base; Greeneville 5 - Cleveland (APP) 7 |
BOTTOM OF THE 7TH |
Cleveland (APP) Indians batting - Pitching for Greeneville Astros : RHP Ernie Bell
|
Batting: RHB Andy Lewis
|
0-0: Ball 1-0: Ball 2-0: SINGLE (Line Drive, 89S, EV 98.1 MPH)
|
Batting: LHB Mario Garza
|
0-0: Ball 1-0: Sac Bunt to 13 - play at first, batter OUT! 1-3 Andy Lewis to second
|
Batting: RHB Patrick Pinault
|
0-0: Ball 1-0: Foul Ball, location: 2F 1-1: Called Strike Andy Lewis steals 3rd base 1-2: Strikes out swinging
|
Batting: SHB Jay Rook
|
0-0: DOUBLE (Groundball, 3L, EV 94.4 MPH) Andy Lewis scores
|
Batting: RHB Luke Burnham
|
0-0: Swinging Strike 0-1: Ball 1-1: Ball 2-1: Ball Passed Ball! Jay Rook to third 3-1: Base on Balls
|
Batting: RHB Russ Kennett
|
0-0: Foul Ball, location: 2F 0-1: Foul Ball, location: 2F 0-2: Foul Ball, location: 2F 0-2: Fielders Choice at 2nd, 6-4 (Groundball, 6, EV 85.0 MPH)
|
Bottom of the 7th over - 1 run, 2 hits, 0 errors, 2 left on base; Greeneville 5 - Cleveland (APP) 8 |
TOP OF THE 8TH |
Greeneville Astros batting - Pitching for Cleveland (APP) Indians : LHP Oscar Moreno
|
Pitching: RHP Conrado Cristina
|
|
Batting: RHB John Moore
|
0-0: Ball 1-0: Ball 2-0: Ball 3-0: Base on Balls
|
Batting: LHB Guadalupe Gonzalez
|
0-0: Ball 1-0: Ball 2-0: Ball 3-0: Called Strike 3-1: Foul Ball, location: 2F 3-2: Fly out, F8 (Flyball, 8RS, EV 72.5 MPH)
|
Batting: RHB Domingas Saragoa
|
0-0: Called Strike 0-1: Ball 1-1: Swinging Strike 1-2: Strikes out swinging
|
Batting: LHB Ryan Fridley
|
0-0: Foul Ball, location: 2F 0-1: Called Strike 0-2: Ball 1-2: Ball 2-2: Ball 3-2: Foul Ball, location: 2F 3-2: Base on Balls John Moore to second
|
Pinch Hitting: RHB Keith Goodwin
|
0-0: Ball 1-0: Called Strike 1-1: Ball 2-1: Called Strike 2-2: Strikes out swinging
|
Top of the 8th over - 0 runs, 0 hits, 0 errors, 2 left on base; Greeneville 5 - Cleveland (APP) 8 |
BOTTOM OF THE 8TH |
Cleveland (APP) Indians batting - Pitching for Greeneville Astros : RHP Ernie Bell
|
Pitching: RHP Kuaika Anakala
|
|
Now in RF: Keith Goodwin
|
|
Batting: RHB Quan Tai
|
0-0: Ball 1-0: Ground out 6-3 (Groundball, 56, EV 86.9 MPH)
|
Batting: LHB Sergei Stefanov
|
0-0: Ball 1-0: Ball 2-0: Called Strike 2-1: Foul Ball, location: 2F 2-2: Ball 3-2: Base on Balls
|
Batting: RHB Tony Gonzales
|
0-0: SINGLE (Flyball, 9LS, EV 91.2 MPH) Sergei Stefanov to second
|
Batting: RHB Andy Lewis
|
0-0: Fly out, F8 (Flyball, 89M, EV 86.9 MPH)
|
Batting: LHB Mario Garza
|
0-0: Ball 1-0: Swinging Strike 1-1: Foul Ball, location: 2F 1-2: Strikes out swinging
|
Bottom of the 8th over - 0 runs, 1 hit, 0 errors, 2 left on base; Greeneville 5 - Cleveland (APP) 8 |
TOP OF THE 9TH |
Greeneville Astros batting - Pitching for Cleveland (APP) Indians : RHP Conrado Cristina
|
Pitching: RHP Chris Gomez
|
|
Batting: RHB Jarno van Lente
|
0-0: Called Strike 0-1: Ball 1-1: Ground out 4-3 (Groundball, 4M, EV 86.9 MPH)
|
Batting: RHB Roger Pelley
|
0-0: Ball 1-0: Called Strike 1-1: Ball 2-1: Ball 3-1: Called Strike 3-2: Strikes out looking
|
Batting: RHB Hugo Priego
|
0-0: Foul Ball, location: 2F 0-1: Called Strike 0-2: Ball 1-2: Ground out 6-3 (Groundball, 6, EV 90.6 MPH)
|
Top of the 9th over - 0 runs, 0 hits, 0 errors, 0 left on base; Greeneville 5 - Cleveland (APP) 8 |
|